 Dungeon Crawl Stone Soup version 0.29.1-13-g9f3cf754e1 (webtiles) character file.

Game seed: 3682451966242626694

2272 zeram the Covert (level 9, -6/39 HPs)
             Began as a Spriggan Enchanter on Feb 10, 2023.
             Mangled by an ice beast (13 damage)
             ... on level 6 of the Dungeon.
             The game lasted 00:16:05 (8247 turns).

zeram the Covert (Spriggan Enchanter)               Turns: 8247, Time: 00:16:06

Health: -6/39      AC:  4    Str:  4    XL:     9   Next: 16%
Magic:  17/19      EV: 20    Int: 20    God:
Gold:   287        SH:  0    Dex: 16    Spells: 12/20 levels left

rFire   . . .      SeeInvis +   a - +3 dagger
rCold   . . .      Faith    .   (no shield)
rNeg    . . .      Spirit   .   m - +2 robe {Will+}
rPois   .          Reflect  .   (helmet restricted)
rElec   .          Harm     .   (no cloak)
rCorr   .          Rampage  .   (gloves unavailable)
Will    ++...                   (boots unavailable)
Stlth   +++++.....              (no amulet)
HPRegen 0.13/turn               (no ring)
MPRegen 0.16/turn               (no ring)

@: very quick
A: very small, no large weapons, unfitting armour, see invisible, speed 3
a: no special abilities


You were on level 6 of the Dungeon.
You visited 1 branch of the dungeon, and saw 6 of its levels.

You collected 287 gold pieces.

Inventory:

Hand Weapons
 a - a +3 dagger (weapon)
 q - a +2 whip of flaming
Armour
 b - a +1 robe
 m - a +2 robe of willpower (worn)
 p - a +0 cloak
Jewellery
 d - a ring of positive energy
 h - a ring of fire
Wands
 c - a wand of digging (1)
 e - a wand of flame (21)
Scrolls
 g - 4 scrolls of teleportation
 i - a scroll of silence
 r - a scroll of blinking
 s - a scroll of enchant armour
Potions
 f - 3 potions of flight
 j - 2 potions of attraction
 k - a potion of curing
 l - a potion of lignification
 n - 2 potions of haste
 o - a potion of might


   Skills:
 + Level 5.5 Short Blades
 + Level 6.7 Dodging
 + Level 10.5 Stealth
 + Level 6.3 Spellcasting
 + Level 6.7 Hexes
 + Level 3.1 Ice Magic


You had 12 spell levels left.
You knew the following spells:

 Your Spells              Type           Power      Damage    Failure   Level
a - Ensorcelled Hibernat  Hex/Ice        52%        N/A       1%          2
b - Vampiric Draining     Necr           6%         2d6       30%         3
c - Tukima's Dance        Hex            33%        N/A       1%          3

Your spell library contained the following spells:

 Spells                   Type           Power      Damage    Failure   Level
 Slow                     Hex            100%       N/A       1%          1
 Confusing Touch          Hex            33%        N/A       1%          3
 Dazzling Flash           Conj/Hex       38%        N/A       8%          3
 Inner Flame              Hex/Fire       19%        N/A       8%          3
 Portal Projectile        Hex/Tloc       38%        N/A       8%          3
 Apportation              Tloc           12%        N/A       11%         1
 Foxfire                  Conj/Fire      24%        2x1d5     11%         1
 Necrotise                Necr           24%        1d5       11%         1
 Summon Small Mammal      Summ           24%        N/A       11%         1
 Passwall                 Tmut/Erth      5%         N/A       16%         2
 Conjure Flame            Conj/Fire      6%         6-21      30%         3
 Swiftness                Air            6%         N/A       30%         3
 Flame Wave               Conj/Fire      6%         2d5       71%         4
 Blade Hands              Tmut           3%         N/A       96%         5


Dungeon Overview and Level Annotations

Branches:
Dungeon (6/15)
 Temple: D:4-7

Altars:
Sif Muna


Innate Abilities, Weirdness & Mutations

You are very small and have problems with some larger weapons.
You are too small for most types of armour.
You have supernaturally acute eyesight. (SInv)
You cover ground extremely quickly. (Speed+++)


Message History

You are too injured to fight recklessly!
You are too injured to fight recklessly!
You are too injured to fight recklessly!
You are too injured to fight recklessly!
You are too injured to fight recklessly!
You are too injured to fight recklessly!
You are too injured to fight recklessly!
You are too injured to fight recklessly!
You are too injured to fight recklessly!
You are too injured to fight recklessly!
You are too injured to fight recklessly!
You are too injured to fight recklessly!
You are too injured to fight recklessly!
Unknown command.
Casting: Ensorcelled Hibernation (safe; 1% risk of failure)
Confirm with . or Enter, or press ? or * to list all spells.
Aiming: Ensorcelled Hibernation (safe; 1% risk of failure)
Press: ? - help, Shift-Dir - straight line, f - hound
Aim: a hound (chance to affect: 66%)
The hound looks drowsy...
The ice beast hits you. The ice beast freezes you!
* * * LOW HITPOINT WARNING * * *
Unknown command.
The helpless hound fails to defend itself.
You stick the hound like a pincushion!!!
You kill the hound!
Casting: Ensorcelled Hibernation (safe; 1% risk of failure)
Confirm with . or Enter, or press ? or * to list all spells.
Okay, then.
You hit the ice beast but do no damage.
The ice beast is moderately wounded.
The ice beast hits you but does no damage.
You barely miss the ice beast.
The ice beast is moderately wounded.
The ice beast misses you.
You hit the ice beast.
The ice beast is moderately wounded.
The ice beast hits you.
* * * LOW HITPOINT WARNING * * *
The ice beast freezes you!
You die...

#.# #...# #.# ... #.#
... ### #.# #.# .. #>#
#.# ##.###.#######.###
##...##...........###
####...Y.#.####.........
..$...<@.#.# #.##.#.###
####.....#.# #.##.#.#
#........# #.##.#.###
#.###.##.# ##.##......
.. #.....##.....#.### ##
#.##......#.##.#
..##.###.##.##.#
####.###.#.†.#.#
#.##.....#..#


You could see an ice beast.

Vanquished Creatures
  Pikel (D:4)
  Grinder (D:4)
  Sigmund (D:2)
  A vampire (D:5)
  A water moccasin (D:6)
  An ogre (D:6)
  A centaur (D:5)
  4 phantoms
  A scorpion (D:4)
  2 howler monkeys
  5 hounds
  4 iguanas
  Jessica (D:3)
  Terence (D:3)
  Natasha (thrice) (D:4)
  10 gnolls
  5 adders
  A worm (D:2)
  3 dart slugs
  21 orcs
  9 endoplasms
  3 giant cockroaches
  4 hobgoblins
  4 jackals
  12 kobolds
  2 quokkas (D:1)
  10 ball pythons
  6 bats
  2 frilled lizards (D:1)
  5 goblins
  4 rats
129 creatures vanquished.

Vanquished Creatures (collateral kills)
  An orc (D:5)
1 creature vanquished.

Vanquished Creatures (others)
  2 dancing weapons
2 creatures vanquished.

Grand Total: 132 creatures vanquished

Notes
Turn   | Place    | Note
-------+----------+-------------------------------------------
     0 | D:1      | zeram the Spriggan Enchanter began the quest for the Orb.
     0 | D:1      | Reached XP level 1. HP: 9/9 MP: 5/5
    38 | D:1      | Found a faded altar of an unknown god.
   458 | D:1      | Reached XP level 2. HP: 9/13 MP: 6/6
   902 | D:1      | Reached skill level 5 in Stealth
  1307 | D:1      | You fall into a shaft and drop 1 floor!
  1413 | D:2      | Reached XP level 3. HP: 16/16 MP: 8/8
  1816 | D:2      | Learned a level 2 spell: Ensorcelled Hibernation
  1820 | D:2      | Learned a level 3 spell: Vampiric Draining
  2057 | D:2      | Noticed Sigmund
  2064 | D:2      | Killed Sigmund
  2065 | D:2      | Reached skill level 6 in Stealth
  2065 | D:2      | Reached XP level 4. HP: 21/21 MP: 4/9
  2065 | D:2      | Reached XP level 5. HP: 24/24 MP: 4/10
  2656 | D:3      | Noticed Jessica
  2667 | D:3      | HP: 1/24 [Jessica/+0 club (4)]
  2959 | D:3      | Killed Jessica
  3051 | D:3      | Reached skill level 7 in Stealth
  3172 | D:3      | Reached XP level 6. HP: 22/28 MP: 8/11
  3312 | D:3      | Noticed Terence
  3319 | D:3      | Killed Terence
  4235 | D:4      | Reached skill level 5 in Dodging
  4235 | D:4      | Reached skill level 8 in Stealth
  4235 | D:4      | Reached skill level 1 in Ice Magic
  4235 | D:4      | Reached XP level 7. HP: 9/32 MP: 2/13
  4531 | D:4      | Found a shimmering blue altar of Sif Muna.
  4604 | D:4      | Noticed Natasha
  4622 | D:4      | Killed Natasha
  5134 | D:4      | Noticed Natasha
  5147 | D:4      | Killed Natasha
  5153 | D:4      | Noticed Natasha
  5164 | D:4      | Killed Natasha
  5407 | D:5      | Entered Level 5 of the Dungeon
  5430 | D:5      | Noticed Grinder
  5443 | D:5      | Noticed Pikel
  5651 | D:5      | Paralysed by Grinder for 4 turns
  5852 | D:4      | Learned a level 3 spell: Tukima's Dance
  5869 | D:4      | Killed Pikel
  5870 | D:4      | Reached skill level 5 in Hexes
  5870 | D:4      | Reached XP level 8. HP: 24/36 MP: 1/16
  6112 | D:5      | Reached skill level 9 in Stealth
  6112 | D:5      | Reached skill level 5 in Spellcasting
  6695 | D:4      | Paralysed by Grinder for 3 turns
  6701 | D:4      | Killed Grinder
  7186 | D:5      | Reached skill level 5 in Short Blades
  7974 | D:6      | Reached skill level 10 in Stealth
  8006 | D:6      | Reached XP level 9. HP: 39/39 MP: 19/19
  8247 | D:6      | Mangled by an ice beast

Illustrated notes

Levels and vault maps discovered:
D:1:      dpeg_arrival_shrine, layout_loops_cross,
          ebering_ecumenical_altar_abandoned
D:2:      layout_loops_ring, uniq_sigmund
D:3:      layout_rooms, minmay_misc_feat_pillars, uniq_terence, uniq_jessica
D:4:      layout_loops_ring, mainiacjoe_overflow_paths, uniq_natasha
D:5:      layout_loops_ring, nrook_mini_vaults, st_stairs_1, fountainhead,
          uniq_pikel, uniq_grinder
D:6:      layout_loops_ring

Skill      XL: |  1  2  3  4  5  6  7  8 |
---------------+-------------------------+-----
Hexes          | 4 5 6 |  6.7
Spellcasting   | 3 4 6 |  6.3
Stealth        | 5 6 7 8 10 | 10.5
Dodging        | 4 5 6 |  6.7
Short Blades   | 3 4 5 |  5.5
Ice Magic      | 1 2 3 |  3.1

Action                   |  1- 3 |  4- 6 |  7- 9 || total
-------------------------+-------+-------+-------++-------
Melee: Dagger            |   161 |   111 |   267 ||   539
       Punch             |     2 |     2 |     2 ||     6
 Cast: Ensorcelled Hiber |     2 |    26 |    38 ||    66
       Tukima's Dance    |       |       |     7 ||     7
  Use: Scroll            |       |     9 |     8 ||    17
       Potion            |       |     2 |     2 ||     4
 Stab: Sleeping          |    10 |    25 |    26 ||    61
       Distracted        |       |     3 |     2 ||     5
       Invisible         |       |       |     1 ||     1
Armor: Robe              |    32 |     6 |    20 ||    58
Dodge: Dodged            |   137 |    89 |   195 ||   421
